 Dungeon Crawl Stone Soup version 0.24.0-123-gd5b16e6ec5 (webtiles) character file.

Game seed: 3411393203602981782, levelgen mode: deterministic

350485 ReteAZ the Shatterer (level 22, 0/155 HPs)
             Began as a Gargoyle Fighter on Jan 2, 2020.
             Was the Champion of the Shining One.
             Killed from afar by a hellion (31 damage)
             ... with damnation
             ... in a wizard's laboratory.
             The game lasted 02:15:41 (40270 turns).

ReteAZ the Shatterer (Gargoyle Fighter)            Turns: 40270, Time: 02:15:42

Health: 0/155      AC: 37    Str: 28    XL:     22   Next: 21%
Magic:  26/30      EV: 15    Int: 12    God:    the Shining One [******]
Gold:   2373       SH: 33    Dex: 17    Spells: 21/21 levels left

rFire    + + .     SeeInvis .   o - +3 eveningstar (flame)
rCold    . . .     Gourm    .   t - +0 large shield
rNeg     + + +     Faith    .   T - +0 plate armour
rPois    ∞         Spirit   .   n - +0 helmet of Impermeability {*Contam rF+ Dex+3 Slay+6}
rElec    +         Reflect  .   B - +1 cloak {MR+}
rCorr    .         Harm     .   i - +0 pair of gloves
MR       ++++.     Clarity  +   k - +1 pair of boots
Stlth    ..........             K - amulet of Vitality {Regen+ HP+15}
HPRegen  0.75/turn              P - ring of Mysticism {*Drain rF+ MR++ Str-3 Slay+2} (curse)
MPRegen  0.22/turn              l - ring of Phasing {EV+8}

@: mighty, divine shield, flying, glowing
A: big wings, agile 2, blurry vision 1, clarity, deformed body, negative energy
resistance 1, screaming 1, electricity resistance, unbreathing, petrification
resistance, rot immunity, AC +16
}: 2/15 runes: serpentine, barnacled
a: Stop Flying, Divine Shield, Cleansing Flame, Summon Divine Warrior, Brand
Weapon With Holy Wrath, Renounce Religion


You were in a wizard's laboratory.
You worshipped the Shining One.
The Shining One was exalted by your worship.
You were near starving.

You visited 6 branches of the dungeon, and saw 35 of its levels.
You also visited: Trove, Gauntlet, Ice Cave and Wizlab.

You collected 4091 gold pieces.
You spent 1718 gold pieces at shops.

Inventory:

Hand Weapons
 o - a +3 eveningstar of flaming (weapon)
 Y - a +3 morningstar of freezing
Missiles
 F - 3 throwing nets
 R - 25 silver javelins (quivered)
Armour
 c - a +0 shield
 i - a +0 pair of gloves (worn)
 k - a +1 pair of boots (worn)
 n - the +0 helmet of Impermeability (worn) {*Contam rF+ Dex+3 Slay+6}
   (You found it in a Gauntlet)

   It affects your dexterity (+3).
   It affects your accuracy and damage with ranged weapons and melee attacks
   (+6).
   It protects you from fire.
   It causes magical contamination when unequipped.
 t - a +0 large shield (worn)
 B - a +1 cloak of magic resistance (worn)
 M - +0 acid dragon scales
 T - a +0 plate armour (worn)
Jewellery
 h - the ring of Linearity {rElec rC++ SInv}
   (You found it in a treasure trove)

   [ring of see invisible]

   It greatly protects you from cold.
   It insulates you from electricity.
   It lets you see invisible.
 l - the ring of Phasing (right hand) {EV+8}
   (You found it in a treasure trove)

   [ring of evasion]

   It affects your evasion (+8).
 K - the amulet of Vitality (around neck) {Regen+ HP+15}
   (You found it in a treasure trove)

   [amulet of regeneration]

   It affects your health (+15).
   It increases your rate of regeneration.
 N - the ring of Inni {rC+ EV+2}
   (You found it in a treasure trove)

   [ring of evasion]

   It affects your evasion (+2).
   It protects you from cold.
 P - the cursed ring of Mysticism (left hand) {*Drain rF+ MR++ Str-3 Slay+2}
   (You found it in a treasure trove)

   [ring of strength]

   It affects your strength (-3).
   It affects your accuracy and damage with ranged weapons and melee attacks
   (+2).
   It protects you from fire.
   It affects your resistance to hostile enchantments.
   It causes draining when unequipped.
   It has a curse placed upon it.
 V - an uncursed ring of resist corrosion
Wands
 a - a wand of disintegration (10)
 j - a wand of paralysis (8)
 A - a wand of acid (36)
 O - a wand of scattershot (12)
 X - a wand of iceblast (17)
Scrolls
 b - 4 scrolls of fog
 g - 5 scrolls of blinking
 m - 7 scrolls of amnesia
 q - a scroll of brand weapon
 r - 14 scrolls of fear
 u - 9 scrolls of enchant weapon
 v - 14 scrolls of teleportation
 w - 2 scrolls of silence
 y - 13 scrolls of identify
 D - 24 scrolls of remove curse
 E - 2 scrolls of enchant armour
 I - 4 scrolls of magic mapping
 Q - a scroll of summoning
 U - 2 scrolls of holy word
Potions
 d - a potion of cancellation
 e - 19 potions of curing
 s - 2 potions of resistance
 x - 3 potions of agility
 z - 4 potions of magic
 C - 8 potions of haste
 G - a potion of ambrosia
 H - 3 potions of brilliance
 J - 2 potions of berserk rage
 L - 2 potions of heal wounds
 S - a potion of might
Comestibles
 f - 53 rations
 p - 5 chunks of flesh


   Skills:
 + Level 15.6 Fighting
 + Level 23.7 Maces & Flails
 + Level 15.5 Armour
 + Level 17.8 Shields
 + Level 10.8 Invocations
 + Level 9.7 Evocations


You had 21 spell levels left.
You didn't know any spells.
Your spell library contained the following spells:

 Spells                   Type           Power        Failure   Level  Hunger
 Animate Skeleton         Necr           N/A          99%         1    ##.....
 Apportation              Tloc           #.....       99%         1    ##.....
 Confusing Touch          Hex            #.....       99%         1    ##.....
 Corona                   Hex            #......      99%         1    ##.....
 Magic Dart               Conj           #...         99%         1    ##.....
 Pain                     Necr           #...         99%         1    ##.....
 Sting                    Conj/Pois      #...         99%         1    ##.....
 Summon Small Mammal      Summ           #...         99%         1    ##.....
 Blink                    Tloc           N/A          100%        2    ###....
 Call Imp                 Summ           #.......     100%        2    ###....
 Ensorcelled Hibernation  Hex/Ice        #.....       100%        2    ###....
 Poisonous Vapours        Pois/Air       #.....       100%        2    ###....
 Shroud of Golubria       Chrm/Tloc      #.....       100%        2    ###....
 Slow                     Hex            #.......     100%        2    ###....
 Throw Frost              Conj/Ice       #.....       100%        2    ###....
 Confuse                  Hex            #.......     100%        3    ####...
 Conjure Flame            Conj/Fire      #.......     100%        3    ####...
 Dazzling Spray           Conj/Hex       #.....       100%        3    ####...
 Gell's Gravitas          Tloc           #.........   100%        3    ####...
 Lesser Beckoning         Tloc           #.........   100%        3    ####...
 Mephitic Cloud           Conj/Pois/Air  #.......     100%        3    ####...
 Regeneration             Chrm/Necr      #.........   100%        3    ####...
 Static Discharge         Conj/Air       #.......     100%        3    ####...
 Teleport Other           Tloc           #.......     100%        3    ####...
 Tukima's Dance           Hex            #.......     100%        3    ####...
 Vampiric Draining        Necr           #.........   100%        3    ####...
 Animate Dead             Necr           N/A          100%        4    #####..
 Leda's Liquefaction      Hex/Erth       #.........   100%        4    #####..
 Olgreb's Toxic Radiance  Pois           #.......     100%        4    #####..
 Passage of Golubria      Tloc           N/A          100%        4    #####..
 Petrify                  Tmut/Erth      #.......     100%        4    #####..
 Bolt of Magma            Conj/Fire/Erth #.........   100%        5    ######.
 Iskenderun's Battlesphe  Conj/Chrm      #.......     100%        5    ######.
 Lightning Bolt           Conj/Air       #.........   100%        5    ######.
 Metabolic Englaciation   Hex/Ice        #.........   100%        5    ######.
 Venom Bolt               Conj/Pois      #.........   100%        5    ######.
 Yara's Violent Unravell  Hex/Tmut       #.........   100%        5    ######.
 Bolt of Cold             Conj/Ice       #.........   100%        6    #######
 Freezing Cloud           Conj/Ice/Air   #.........   100%        6    #######
 Iron Shot                Conj/Erth      #.........   100%        6    #######
 Simulacrum               Ice/Necr       #.........   100%        6    #######
 Malign Gateway           Summ/Tloc      #.........   100%        7    #######
 Monstrous Menagerie      Summ           #.........   100%        7    #######
 Orb of Destruction       Conj           #.........   100%        7    #######
 Ring of Flames           Chrm/Fire      #.........   100%        7    #######
 Spellforged Servitor     Conj/Summ      #.........   100%        7    #######
 Summon Greater Demon     Summ           #.........   100%        7    #######
 Ignition                 Fire           #.........   100%        8    #######
 Summon Horrible Things   Summ           #.........   100%        8    #######
 Shatter                  Erth           #.........   100%        9    #######
 Tornado                  Air            #.........   100%        9    #######
 Statue Form              Tmut/Erth      Unusable     N/A         6    N/A

Dungeon Overview and Level Annotations

Branches:
Dungeon (15/15)            Temple (0/1) D:6            Lair (6/6) D:9
 Shoals (4/4) Lair:2        Snake (4/4) Lair:4        Slime (0/5) Lair:6
    Orc (2/2) D:12            Elf (0/3) Orc:2        Vaults (4/5) D:13
  Crypt (0/3) Vaults:3     Depths (0/5) D:15          IceCv (visited)
 WizLab (1/1)             Gauntlet (visited)

Altars:
Ashenzari
Cheibriados
Fedhas
Gozag
Hepliaklqana
Nemelex Xobeh
Okawaru
Sif Muna
Uskayaw
Vehumet
Yredelemnul
Zin
The Shining One
Beogh
Jiyva

Shops:
D:9 !   D:11 (   D:13 [   Orc:2 *=}*   Shoals:4 !   Snake:4 !!

Annotations:
D:10 1 runed translucent door
D:14 Roxanne
Lair:2 2 runed translucent doors, Bergy's ghost, journeyman GrFi
Lair:6 3 runed translucent doors, exclusion: 4 oklob plants, Fitomod's ghost, journeyman DEWz
Vaults:2 1 runed translucent door, Ugguttuj's ghost, veteran DrWn


Innate Abilities, Weirdness & Mutations

You are resistant to torment.
Your stone body is resilient. (AC +16)
You are immune to poison.
Your large and strong wings let you fly indefinitely.
You resist negative energy. (rN+)
You are resistant to electric shocks. (rElec)
You can survive without breathing.
You are immune to petrification.
You are immune to rotting.
You are very agile. (Dex +4)
Scrolls take you a little longer to read.
You possess an exceptional clarity of mind.
Armour fits poorly on your strangely shaped body.
You occasionally shout uncontrollably at your foes.


Message History

Your angel closely misses the hellion. x2
The hellion gestures at you.
The sphere of damnation explodes!
The damnation engulfs you!!
* * * LOW HITPOINT WARNING * * *
The damnation engulfs your angel!!
The damnation engulfs the hellion.
The hellion completely resists.
The hellion gestures at your angel.
The sphere of damnation explodes!
The damnation engulfs your angel!! The damnation engulfs you!!
* * * LOW HITPOINT WARNING * * *
The damnation engulfs the hellion.
The hellion completely resists.
You feel much better.
Your angel gestures.
Your angel is healed somewhat.
A hellwing comes into view.
The hellion gestures at your angel.
The sphere of damnation explodes!
The damnation engulfs your angel!!
Your angel dies!
The damnation engulfs you!!
You die...

##.......##
###'''###
###.....###
###.........#
##.............#
##...............
#.........2......
##.....## #....
#...@.## #...
#....2....... ...
#.....2.......
#...........4.
#.....2.......
#........#.....
#:.......##8_8#
#)[....... ####


You could see a blizzard demon, a hellwing and 2 hellions.

Vanquished Creatures
  Saint Roka (Vaults:3)
  A large abomination (Vaults:4)
  Jorgrun (Orc:1)
  Rupert (D:14)
  Polyphemus (Shoals:3)
  A sphinx (Vaults:2)
  An ancient champion (Vaults:3)
  A tengu reaver (Vaults:2)
  Kirke (Snake:3)
  Donald (Shoals:3)
  3 revenants (Vaults:3)
  9 nagarajas
  A frost giant (Vaults:4)
  Ilsuiw (Shoals:3)
  A deep elf sorcerer (Vaults:1)
  9 vault wardens
  A black sun (WizLab)
  A cacodemon (WizLab)
  Louise (Shoals:3)
  15 ironheart preservers
  3 stone giants
  Nessos (Lair:5)
  A lorocyproca (WizLab)
  A minotaur (Gauntlet)
  4 merfolk javelineers
  8 merfolk impalers
  A green death (WizLab)
  2 deep elf death magi
  A blizzard demon (IceCv)
  An ettin (Vaults:2)
  5 yaktaur captains
  A great orb of eyes (Vaults:2)
  Erolcha (D:13)
  An ice dragon (Vaults:1)
  8 vault guards
  A rakshasa (Vaults:1)
  4 centaur warriors
  3 merfolk avatars
  10 hydras
  15 naga warriors
  9 merfolk aquamancers
  12 anacondas
  3 catoblepae
  46 two-headed ogres
  2 death knights
  4 alligator snapping turtles
  2 satyrs (Shoals:3)
  A tengu warrior (D:15)
  14 ogre magi
  2 deep troll shamans
  8 death yaks
  2 deep troll earth magi (Vaults:1)
  12 naga sharpshooters
  An orc high priest (Orc:2)
  Urug (Lair:3)
  6 shock serpents
  5 deep elf knights
  3 skeletal warriors (Vaults:2)
  A sun demon (WizLab)
  2 salamander mystics (Snake:2)
  5 unseen horrors
  A shadow wraith (Vaults:4)
  An unseen horror (shapeshifter) (Vaults:3)
  11 naga ritualists
  9 sea snakes
  4 wizards
  A swamp dragon (shapeshifter) (Vaults:1)
  6 deep trolls
  A glowing orange brain (D:15)
  4 deep elf archers (Vaults:1)
  A lindwurm (shapeshifter) (D:15)
  A kraken simulacrum (Shoals:4)
  4 necromancers
  10 ironbrand convokers
  A phantasmal warrior (Vaults:4)
  20 harpies
  16 orc knights
  A fire giant zombie (Vaults:3)
  2 wolf spiders
  10 deep elf magi
  A moth of wrath (Gauntlet)
  2 orc sorcerers
  34 ugly things
  9 manticores
  9 mana vipers
  8 cyclopes
  20 fauns
  17 merfolk sirens
  9 salamanders
  9 elephants
  5 water nymphs
  2 guardian serpents
  49 black mambas
  5 centaur zombies
  A black mamba (shapeshifter) (Vaults:1)
  2 ice statues (IceCv)
  A rust devil (WizLab)
  14 spiny frogs
  8 vault sentinels
  Psyche (D:10)
  A centaur skeleton (D:15)
  3 smoke demons (WizLab)
  3 gargoyles
  26 naga magi
  A hellion (WizLab)
  An orange demon (WizLab)
  A freezing wraith (Vaults:3)
  8 komodo dragons
  2 kobold demonologists
  An orc skeleton (Vaults:2)
  24 yaktaurs
  2 rime drakes (Lair:6)
  15 ice devils
  A tormentor (WizLab)
  2 efreet (D:14)
  A red devil (WizLab)
  2 komodo dragons (shapeshifter) (Vaults:2)
  36 merfolk
  A hellwing (WizLab)
  5 polar bears
  Prince Ribbit (D:5)
  10 wind drakes
  2 blink frogs (shapeshifter)
  5 trolls
  2 hornets
  A hornet (shapeshifter) (D:14)
  15 slime creatures
  15 hippogriffs
  9 blink frogs
  2 snapping turtles (Shoals:3)
  18 dream sheep
  A fire giant simulacrum (Vaults:2)
  2 human simulacra
  A ynoxinul (WizLab)
  2 shadows
  4 wyverns
  4 flying skulls (Gauntlet)
  2 wraiths
  A spriggan (Lair:2)
  A spriggan (shapeshifter) (Vaults:2)
  35 yaks
  2 yaks (shapeshifter)
  3 hogs (Snake:3)
  A human (D:14)
  A human (shapeshifter) (Vaults:1)
  18 water elementals
  5 basilisks
  A chaos spawn (WizLab)
  A neqoxec (WizLab)
  4 vampire mosquitoes (D:15)
  Edmund (D:4)
  3 swamp worms (Gauntlet)
  35 nagas
  A warg (shapeshifter) (D:13)
  Grum (D:9)
  7 wargs
  6 two-headed ogre zombies (D:9)
  5 acid dragons
  13 water moccasins
  Duvessa (D:7)
  13 porcupines
  57 orc warriors
  3 black bears
  4 sky beasts
  A tengu (shapeshifter) (Vaults:1)
  8 boggarts
  An eye of draining (shapeshifter) (D:15)
  2 eyes of draining
  2 phantoms
  33 ogres
  17 wolves
  27 centaurs
  21 crocodiles
  A big kobold (D:11)
  3 human zombies (Vaults:3)
  19 bullfrogs
  5 human skeletons
  Dowan (D:7)
  A wyvern skeleton (D:12)
  A scorpion (D:12)
  A water moccasin skeleton (D:8)
  6 killer bees (D:13)
  8 wights
  3 howler monkeys
  7 electric eels
  10 crimson imps
  A quasit (D:11)
  3 bullfrog skeletons
  6 jellies
  7 hounds
  Crazy Yiuf (D:5)
  20 orc priests
  29 orc wizards
  3 iguanas
  7 worker ants
  A hound skeleton (D:9)
  7 gnolls
  9 adders
  4 shadow imps
  10 white imps (IceCv)
  4 ufetubi (IceCv)
  An adder skeleton (D:4)
  3 worms
  4 dart slugs
  9 leopard geckos
  117 orcs
  2 ball pythons
  6 bats
  7 giant cockroaches
  9 goblins
  10 hobgoblins
  2 jackals (D:1)
  3 quokkas
  5 frilled lizards
  2 jackal skeletons
  13 kobolds
  A leopard gecko skeleton (D:6)
  7 rats
  6 plants
1527 creatures vanquished.

Vanquished Creatures (collateral kills)
  A cacodemon (WizLab)
  A green death (WizLab)
  An ironbrand convoker (Vaults:3)
  A merfolk siren (Shoals:3)
  A red devil (WizLab)
  A merfolk (Shoals:3)
  A warg (Vaults:3)
  An ogre (Vaults:3)
  An orc priest (Vaults:3)
  An orc (Vaults:3)
10 creatures vanquished.

Vanquished Creatures (others)
  An ogre mage (Vaults:2)
  A yaktaur (Vaults:4)
  An ice devil (WizLab)
  An ogre (Vaults:1)
  A white imp (IceCv)
  2 ufetubi (IceCv)
  5 orcs
  12 demonic plants (Gauntlet)
  2 fungi
  21 plants
  4 tentacles (Shoals:4)
  6 withered plants (Gauntlet)
57 creatures vanquished.

Grand Total: 1594 creatures vanquished

Notes
Turn   | Place    | Note
-------+----------+-------------------------------------------
     0 | D:1      | ReteAZ the Gargoyle Fighter began the quest for the Orb.
     0 | D:1      | Reached XP level 1. HP: 14/14 MP: 1/1
   121 | D:1      | Reached XP level 2. HP: 19/19 MP: 2/2
   509 | D:1      | Reached XP level 3. HP: 23/23 MP: 3/3
  1253 | D:2      | Reached skill level 3 in Maces & Flails
  1253 | D:2      | Reached XP level 4. HP: 27/29 MP: 4/4
  1532 | D:3      | Reached XP level 5. HP: 18/33 MP: 5/5
  2033 | D:3      | Found a glowing golden altar of the Shining One.
  2043 | D:3      | Became a worshipper of the Shining One
  2125 | D:3      | Reached skill level 4 in Maces & Flails
  2441 | D:4      | Noticed Edmund
  2466 | D:4      | Killed Edmund
  2466 | D:4      | Reached XP level 6. HP: 39/39 MP: 6/6
  2675 | D:4      | Found a hazy altar of Hepliaklqana.
  2974 | D:4      | Reached XP level 7. HP: 44/44 MP: 7/7
  3106 | D:4      | Reached skill level 5 in Maces & Flails
  3142 | D:4      | Reached skill level 5 in Fighting
  3142 | D:4      | Reached skill level 5 in Armour
  3142 | D:4      | Reached skill level 5 in Shields
  3467 | D:5      | Entered Level 5 of the Dungeon
  3601 | D:5      | Reached XP level 8. HP: 36/49 MP: 8/8
  3649 | D:5      | Noticed Prince Ribbit
  3649 | D:5      | Reached * piety under the Shining One
  3664 | D:5      | Killed Prince Ribbit
  3664 | D:5      | Reached skill level 6 in Maces & Flails
  3708 | D:5      | Found a runed translucent door.
  3709 | D:5      | Noticed Crazy Yiuf
  3780 | D:5      | Killed Crazy Yiuf
  3865 | D:5      | Found a radiant altar of Vehumet.
  3865 | D:5      | Found a sparkling altar of Nemelex Xobeh.
  3870 | D:5      | Found a glowing golden altar of the Shining One.
  3872 | D:5      | Found a blossoming altar of Fedhas.
  3873 | D:5      | Found a hide-covered altar of Uskayaw.
  3984 | D:6      | Found an opulent altar of Gozag.
  4164 | D:6      | Found a staircase to the Ecumenical Temple.
  4439 | D:7      | Noticed Duvessa
  4439 | D:7      | Noticed Dowan
  4452 | D:7      | Killed Duvessa
  4459 | D:7      | Killed Dowan
  4596 | D:7      | Reached skill level 7 in Maces & Flails
  4662 | D:7      | Reached XP level 9. HP: 56/56 MP: 9/9
  5293 | D:8      | Reached ** piety under the Shining One
  5334 | D:8      | Reached skill level 8 in Maces & Flails
  5914 | D:9      | Noticed a troll
  5956 | D:9      | Reached skill level 9 in Maces & Flails
  5956 | D:9      | Reached XP level 10. HP: 59/63 MP: 8/10
  5998 | D:9      | Found a staircase to the Lair.
  6027 | D:9      | Found Arhahaid's Distillery.
  6054 | D:9      | Noticed Grum
  6493 | D:9      | Killed Grum
  6584 | D:9      | Reached *** piety under the Shining One
  6722 | D:9      | Reached skill level 10 in Maces & Flails
  6786 | D:10     | Entered Level 10 of the Dungeon
  6928 | D:10     | Noticed Psyche
  6941 | D:10     | Killed Psyche
  7053 | D:10     | Found a runed translucent door.
  7053 | D:10     | Found a glowing silver altar of Zin.
  7053 | D:10     | Noticed an angel
  7630 | D:11     | Noticed a cyan ugly thing
  7649 | D:11     | Noticed a two-headed ogre
  7675 | D:11     | Killed a two-headed ogre
  7675 | D:11     | Reached XP level 11. HP: 42/69 MP: 9/11
  7880 | D:11     | Reached **** piety under the Shining One
  7881 | D:11     | Noticed a seven-headed hydra
  7899 | D:10     | Killed a seven-headed hydra
  7899 | D:10     | Reached skill level 11 in Maces & Flails
  8101 | Lair:1   | Entered Level 1 of the Lair of Beasts
  9391 | Lair:2   | Found a staircase to the Shoals.
  9402 | Lair:2   | Noticed a manticore
  9429 | Lair:2   | Killed a manticore
  9672 | Lair:2   | Reached skill level 12 in Maces & Flails
  9672 | Lair:2   | Reached XP level 12. HP: 73/77 MP: 12/12
  9746 | Lair:2   | Reached skill level 10 in Fighting
  9746 | Lair:2   | Reached skill level 10 in Armour
  9755 | Lair:2   | Reached skill level 10 in Shields
 10119 | Lair:2   | Found a large runed translucent door.
 10119 | Lair:2   | Found a large runed translucent door.
 10120 | Lair:2   | Noticed Bergy's ghost (journeyman GrFi)
 10780 | Lair:3   | Noticed Urug
 10790 | Lair:3   | Gained mutation: You occasionally shout uncontrollably at
                  | your foes. [potion of mutation]
 10790 | Lair:3   | Gained mutation: You are agile. (Dex +2) [potion of
                  | mutation]
 10790 | Lair:3   | Gained mutation: You are very agile. (Dex +4) [potion of
                  | mutation]
 10790 | Lair:3   | Gained mutation: You possess an exceptional clarity of
                  | mind. [potion of mutation]
 10813 | Lair:3   | Killed Urug
 10813 | Lair:3   | Reached skill level 13 in Maces & Flails
 10947 | Lair:3   | Reached skill level 15 in Maces & Flails
 10947 | Lair:3   | Reached XP level 13. HP: 82/82 MP: 13/13
 11011 | Lair:3   | Reached skill level 1 in Invocations
 11955 | Lair:4   | Reached ***** piety under the Shining One
 12178 | Lair:4   | Found a gate leading to a gauntlet.
 12187 | Gauntlet | Entered a Gauntlet
 12187 | Gauntlet | Found a transporter.
 12187 | Gauntlet | Found a transporter.
 12187 | Gauntlet | Found a transporter.
 12199 | Gauntlet | Found a transporter.
 12209 | Gauntlet | Found a transporter.
 12224 | Gauntlet | Found a transporter.
 12234 | Gauntlet | Found a transporter.
 12249 | Gauntlet | Found a transporter.
 12255 | Gauntlet | Found a transporter.
 12270 | Gauntlet | Found a transporter.
 12274 | Gauntlet | Found a transporter.
 12277 | Gauntlet | Found a transporter.
 12597 | Gauntlet | Got a translucent helmet
 12608 | Gauntlet | Identified the +0 helmet of Impermeability {*Contam rF+
                  | Dex+3 Slay+6} (You found it in a Gauntlet)
 12984 | Gauntlet | Got a smoking tin amulet
 12985 | Gauntlet | Identified the amulet "Etzoug" {+Rage rElec rPois Int-3
                  | Dex+6} (You found it in a Gauntlet)
 13002 | Gauntlet | Identified the cursed +0 hand axe of Gallantry {chop, +Inv
                  | Stlth+}
 13002 | Gauntlet | Noticed a minotaur
 13019 | Gauntlet | Killed a minotaur
 13022 | Gauntlet | Got a jewelled scale mail
 13025 | Gauntlet | Identified the +1 scale mail "Vyvvuh" {rPois Int-5 Dex+8}
                  | (You found it in a Gauntlet)
 13205 | Lair:4   | Found a staircase to the Snake Pit.
 13223 | Lair:4   | Gained mutation: Your large and strong wings let you fly
                  | indefinitely. [Gargoyle growth]
 13223 | Lair:4   | Reached XP level 14. HP: 55/88 MP: 16/16
 13305 | Lair:4   | Reached skill level 1 in Evocations
 13922 | Lair:5   | Noticed Nessos
 13955 | Lair:5   | Killed Nessos
 14597 | Lair:6   | Entered Level 6 of the Lair of Beasts
 14631 | Lair:6   | Found a viscous altar of Jiyva.
 14631 | Lair:6   | Found a staircase to the Slime Pits.
 14653 | Lair:6   | Reached skill level 16 in Maces & Flails
 14801 | Lair:6   | Found a snail-covered altar of Cheibriados.
 15058 | Lair:6   | Found a runed translucent gate.
 15058 | Lair:6   | Found a runed translucent gate.
 15058 | Lair:6   | Found a runed translucent gate.
 15058 | Lair:6   | Noticed Fitomod's ghost (journeyman DEWz)
 15111 | Lair:6   | Reached skill level 5 in Invocations
 16297 | D:11     | Found Seutiusi's Antique Weapon Emporium.
 16793 | D:12     | Reached XP level 15. HP: 88/95 MP: 19/19
 16804 | D:12     | Reached ****** piety under the Shining One
 17221 | D:12     | Found a staircase to the Orcish Mines.
 17711 | Orc:1    | Entered Level 1 of the Orcish Mines
 17711 | Orc:1    | Found an iron altar of Okawaru.
 18258 | Orc:2    | Entered Level 2 of the Orcish Mines
 18851 | Orc:2    | Noticed Jorgrun
 19265 | Orc:1    | Killed Jorgrun
 19420 | Orc:2    | Reached skill level 17 in Maces & Flails
 19495 | Orc:2    | Reached skill level 5 in Evocations
 19566 | Orc:2    | Found a roughly hewn altar of Beogh.
 19714 | Orc:2    | Found Geahi's Jewellery Shop.
 19714 | Orc:2    | Found Luorigal's Gadget Shoppe.
 19716 | Orc:2    | Found Huor's General Store.
 19718 | Orc:2    | Found Ilen's Assorted Antiques.
 19730 | Orc:2    | Bought a bronze ring for 165 gold pieces
 19730 | Orc:2    | Bought a scroll labeled XYC OSMUUPPY for 33 gold pieces
 19730 | Orc:2    | Bought a scroll of teleportation for 99 gold pieces
 19730 | Orc:2    | Bought a scroll of identify for 66 gold pieces
 19735 | Orc:2    | Bought a potion of ambrosia for 96 gold pieces
 19735 | Orc:2    | Bought 3 scrolls of remove curse for 108 gold pieces
 19735 | Orc:2    | Bought a potion of might for 48 gold pieces
 19735 | Orc:2    | Bought a scroll of remove curse for 36 gold pieces
 19743 | Orc:2    | Identified a scroll of acquirement
 19890 | Orc:2    | Found a staircase to the Elven Halls.
 19929 | Orc:2    | Got a coiled jade ring
 19931 | Orc:2    | Identified the ring "Rouf Lid" {Wiz Dex+4} (You acquired it
                  | on level 2 of the Orcish Mines)
 20050 | D:13     | Noticed Erolcha
 20058 | D:13     | Killed Erolcha
 20636 | D:13     | Found a gate to the Vaults.
 20737 | D:13     | Found Fyrph's Armour Shop.
 21132 | D:14     | Noticed Rupert
 21149 | D:14     | Killed Rupert
 21535 | D:14     | Noticed Roxanne
 21603 | D:15     | Entered Level 15 of the Dungeon
 21604 | D:15     | Found a shimmering blue altar of Sif Muna.
 21613 | D:15     | Reached XP level 16. HP: 101/101 MP: 20/20
 21679 | D:15     | Reached skill level 18 in Maces & Flails
 21934 | D:15     | Found a staircase to the Depths.
 22879 | Snake:1  | Entered Level 1 of the Snake Pit
 23101 | Snake:1  | Reached skill level 19 in Maces & Flails
 23116 | Snake:1  | Found a frozen archway.
 23123 | IceCv    | Entered an ice cave
 24197 | Snake:1  | Reached XP level 17. HP: 51/106 MP: 21/21
 25722 | Snake:2  | Reached skill level 20 in Maces & Flails
 26132 | Snake:3  | Reached skill level 15 in Shields
 26538 | Snake:3  | Noticed Kirke
 26550 | Snake:3  | Killed Kirke
 27150 | Snake:4  | Entered Level 4 of the Snake Pit
 27461 | Snake:4  | Found Batu's Distillery.
 27464 | Snake:4  | Bought a potion of curing for 39 gold pieces
 27464 | Snake:4  | Bought a potion of resistance for 130 gold pieces
 27464 | Snake:4  | Bought a potion of heal wounds for 65 gold pieces
 27464 | Snake:4  | Bought a potion of curing for 39 gold pieces
 27542 | Snake:4  | Found Ulua's Magic Scroll Emporium.
 27550 | Snake:4  | Bought a scroll of identify for 30 gold pieces
 27550 | Snake:4  | Bought a scroll of remove curse for 45 gold pieces
 27550 | Snake:4  | Bought a scroll of enchant weapon for 112 gold pieces
 27550 | Snake:4  | Bought a scroll of magic mapping for 52 gold pieces
 27550 | Snake:4  | Bought a scroll of teleportation for 45 gold pieces
 27550 | Snake:4  | Bought a scroll of identify for 30 gold pieces
 27550 | Snake:4  | Bought a scroll of enchant armour for 112 gold pieces
 27581 | Snake:4  | Reached skill level 21 in Maces & Flails
 28096 | Snake:4  | Found Omaoshr Boro's Distillery.
 28315 | Snake:4  | Reached XP level 18. HP: 71/112 MP: 22/22
 28792 | Snake:4  | Reached skill level 22 in Maces & Flails
 29140 | Snake:4  | Got a serpentine rune of Zot
 29498 | Shoals:1 | Entered Level 1 of the Shoals
 30219 | Shoals:2 | Identified the +2 mace "Nushezix" {drain, rC- Str+6}
 30364 | Shoals:2 | HP: 5/113 [merfolk aquamancer/shard of ice (12)]
 30462 | Shoals:2 | Reached XP level 19. HP: 48/118 MP: 23/23
 31913 | Shoals:3 | Noticed Polyphemus
 31927 | Shoals:3 | Killed Polyphemus
 31939 | Shoals:3 | Noticed Ilsuiw
 31971 | Shoals:3 | Killed Ilsuiw
 32025 | Shoals:3 | Noticed Louise
 32034 | Shoals:3 | Noticed Donald
 32043 | Shoals:3 | Killed Donald
 32059 | Shoals:3 | Killed Louise
 32745 | Shoals:4 | Entered Level 4 of the Shoals
 32745 | Shoals:4 | Found Litytirykh's Distillery.
 32747 | Shoals:4 | Found an iron altar of Okawaru.
 32791 | Shoals:4 | Bought a potion of heal wounds for 80 gold pieces
 32791 | Shoals:4 | Bought a potion of haste for 160 gold pieces
 32791 | Shoals:4 | Bought a potion of curing for 48 gold pieces
 32791 | Shoals:4 | Bought a potion of heal wounds for 80 gold pieces
 33481 | Shoals:4 | Found a shattered altar of Ashenzari.
 33673 | Shoals:4 | Got a barnacled rune of Zot
 33970 | Shoals:4 | Identified the Tome of Cold
 34351 | Vaults:1 | Entered Level 1 of the Vaults
 34629 | Vaults:1 | Reached XP level 20. HP: 126/126 MP: 25/25
 34655 | Vaults:1 | Reached skill level 23 in Maces & Flails
 35389 | Vaults:1 | You are sucked into a shaft and drop 1 floor!
 36500 | Vaults:2 | Found a runed translucent door.
 36500 | Vaults:2 | Noticed Ugguttuj's ghost (veteran DrWn)
 36937 | Vaults:2 | Reached XP level 21. HP: 130/132 MP: 27/27
 37759 | Vaults:3 | Found a staircase to the Crypt.
 37790 | Vaults:3 | Reached skill level 15 in Fighting
 37840 | Vaults:3 | Reached skill level 15 in Armour
 37969 | Vaults:3 | Noticed Saint Roka
 37993 | Vaults:3 | Killed Saint Roka
 38463 | Vaults:3 | Found a portal to a secret trove of treasure.
 38733 | Vaults:1 | Reached skill level 10 in Invocations
 39453 | Vaults:3 | You paid a toll of +4 ice dragon scales to enter a treasure
                  | trove
 39454 | Trove    | Entered a treasure trove
 39454 | Trove    | Found the ring of Phasing {EV+8}
 39454 | Trove    | Found the amulet of Vitality {Regen+ HP+15}
 39470 | Trove    | Got a steaming wooden ring
 39474 | Trove    | Got a translucent copper ring
 39478 | Trove    | Got a wavering tin amulet
 39482 | Trove    | Got a crude zirconium amulet
 39486 | Trove    | Got a faintly glowing silver ring
 39495 | Trove    | Identified the ring of Linearity {rElec rC++ SInv} (You
                  | found it in a treasure trove)
 39499 | Trove    | Identified the ring of Inni {rC+ EV+2} (You found it in a
                  | treasure trove)
 39501 | Trove    | Identified the ring of Koitoor {rC+ Dex+3} (You found it in
                  | a treasure trove)
 39504 | Trove    | Identified the amulet "Naeghox" {Faith Int+7 Stlth+} (You
                  | found it in a treasure trove)
 39505 | Trove    | Identified the amulet of Vafia {MR+ Regen+} (You found it
                  | in a treasure trove)
 39513 | Trove    | Got a sparkling iron ring
 39515 | Trove    | Got a scintillating zirconium amulet
 39523 | Trove    | Identified the amulet of Yhuotyd {rPois Regen+} (You found
                  | it in a treasure trove)
 39527 | Trove    | Identified the cursed ring of Mysticism {*Drain rF+ MR++
                  | Str-3 Slay+2} (You found it in a treasure trove)
 39936 | Vaults:4 | Reached XP level 22. HP: 140/140 MP: 29/29
 39967 | Vaults:4 | Found a basalt altar of Yredelemnul.
 40072 | Vaults:4 | Found a magical portal.
 40093 | WizLab   | Gained mutation: Scrolls take you a little longer to read.
                  | [a neqoxec]
 40214 | WizLab   | Gained mutation: Armour fits poorly on your strangely
                  | shaped body. [a cacodemon]
 40256 | WizLab   | Found a burning altar of Makhleb.
 40258 | WizLab   | Found the +2 ratskin cloak {+Rats rPois rN+ Str-1 Int-1
                  | Dex+1}
 40270 | WizLab   | Killed from afar by a hellion

Levels and vault maps discovered:
D:1:      co_arrival_square_in_a_square_in_a_square, layout_basic
D:2:      layout_rooms
D:3:      layout_loops_ring, grunt_ministairs_14, tso_altar
D:4:      kennysheep_six_static_rooms, layout_basic, lemuel_crystal_altar,
          first_ration, minmay_misc_feat_cross, serial_bayou_pond_e,
          serial_bayou_pond_b, uniq_edmund
D:5:      layout_rooms, chequers_temple_overflow_minitemple,
          uniq_prince_ribbit1, uniq_crazy_yiuf_cottage
D:6:      layout_basic, minmay_temple_entry_sparse_star, basic_altar
D:7:      layout_loops_corners, uniq_duvessa
D:8:      layout_loops_ring
D:9:      lemuel_ogre_cave, layout_cave_pools, erik_lair_island, serial_shops,
          shop, serial_park_tiny_1, uniq_grum
D:10:     layout_stronghold, lemuel_angel_altar, uniq_psyche
D:11:     layout_roguey, serial_rivers, chequers_serial_rivers_micro_a,
          chequers_serial_rivers_micro_e, chequers_serial_rivers_micro_b,
          chequers_serial_rivers_micro_a, chequers_serial_rivers_room_b,
          serial_shops, nicolae_shop_waterfront
D:12:     layout_long_grid, hiddenorc1_lemuel
D:13:     layout_roguey, david_vaults_5, serial_shops, kennysheep_little_box,
          uniq_erolcha
D:14:     layout_loops_ring, kennysheep_small_spiral, hangedman_stone_soup,
          uniq_rupert, uniq_roxanne
D:15:     gammafunk_enter_depths_forms, layout_rooms, nicolae_benzene_ring,
          basic_altar
Lair:1:   layout_loops_ring, beast_lair_carwin_10
Lair:2:   layout_cave_pods, minmay_shoals_entry_beasts,
          ebering_ghost_disaster_area, grunt_forest_large_clearing_hut
Lair:3:   layout_cave_pods, serial_bayou_shore_a, lemuel_fruit_tree,
          grunt_megastairs_3, serial_bayou_shore_b, infiniplex_staircase_pool_2,
          uniq_urug
Lair:4:   layout_regular_city, minmay_snake_entry_six_corridors,
          gauntlet_entry_generic, nicolae_quartered_pool_medium,
          cheibrodos_lair_caveside_slide
Lair:5:   layout_hall_layers, minivault_24, uniq_nessos
Lair:6:   grunt_lair_end_beastmaster, layout_regular_city,
          dpeg_slime_entry_enclosed_altar, gammafunk_ghost_split, basic_altar,
          minmay_lair_oklob_chamber, serial_bayou_shore_b
Shoals:1: layout_shoals
Shoals:2: layout_shoals, st_sunken_huts
Shoals:3: layout_shoals, uniq_polyphemus, uniq_louise, uniq_donald, uniq_ilsuiw
Shoals:4: shoals_end_grunt_ice, layout_shoals, serial_shops,
          nicolae_shop_competitors_out_of_business, hangedman_feature_mirror
Snake:1:  layout_chambers, portal_ice_cave_entry_pillars_1, st_stairs_6,
          serial_bayou_pond_e, guppyfry_snake_island
Snake:2:  layout_cave_pods
Snake:3:  layout_honeycomb, uniq_kirke
Snake:4:  snake_pit, layout_basic, serial_shops, shop,
          nicolae_shop_behind_doors, shop_fountains, nicolae_large_snake_swirl
Orc:1:    layout_diamond_mine, okawaru_metal_pillars_1_2
Orc:2:    st_orc_rangers, layout_caves, mines1_david, uniq_jorgrun
Vaults:1: v_pattern_5, nicolae_vaults_murderbox,
          nicolae_vaults_yaktaur_gun_rack, v_misc_30, v_misc_11,
          vaults_room_pool, layout_vaults_quadrants
Vaults:2: gammafunk_vaults_ghost_grave, hangedman_vaults_maws, st_spiral_rooms,
          nicolae_vaults_asterisk, grunt_vaults_hallway_short, v_misc_23,
          ontoclasm_vaults_eye, v_alt_pattern_1,
          nicolae_vaults_network_periphery, v_misc_30, hangedman_vaults_nails,
          vaults_dpeg_spiral, ontoclasm_vaults_bender, layout_vaults_ring
Vaults:3: v_misc_26, minmay_crypt_entry_simple_sparse, v_misc_28, v_misc_26,
          v_misc_9, nicolae_vaults_circle_grid_b, hangedman_vaults_snaps,
          vaults_room_stairs_pillars, nicolae_vaults_little_squares_2,
          hangedman_vaults_capsules, layout_vaults_maze_snakey, enter_trove_3,
          uniq_saint_roka
Vaults:4: grunt_vaults_diagonal, v_misc_10, hangedman_vaults_corner,
          hangedman_vaults_pinch, nicolae_vaults_an_arrangement,
          vaults_dpeg_ring, nicolae_vaults_diagonal_hallway_7,
          nicolae_vaults_disjoint_gnomons, grunt_vaults_funnel, v_alt_pattern_4,
          grunt_vaults_swirl, vaults_dpeg_doors, v_misc_14,
          layout_vaults_omnibox, mu_enter_wizlab_4, basic_altar
WizLab:   wizlab_demon

Skill      XL: |  1  2  3  4  5  6  7  8  9 10 11 12 13 14 15 16 17 18 19 20 21 |
---------------+----------------------------------------------------------------+-----
Maces & Flails | 3 4 5 7 9 10 12 15 16 17 19 21 22 23 | 23.7
Fighting       | 4 5 6 7 8 9 10 11 12 13 14 15 | 15.6
Armour         | 4 5 6 7 8 9 10 11 12 13 14 15 | 15.5
Shields        | 4 5 6 7 8 9 10 11 12 14 15 16 17 | 17.8
Invocations    | 3 5 6 7 9 10 | 10.8
Evocations     | 3 6 8 9 |  9.7

Action                   |  1- 3 |  4- 6 |  7- 9 | 10-12 | 13-15 | 16-18 | 19-21 | 22-24 || total
-------------------------+-------+-------+-------+-------+-------+-------+-------+-------++-------
Melee: Flail             |   161 |   178 |   288 |   570 |   689 |    99 |       |       ||  1985
       Morningstar       |       |       |       |       |   541 |  1264 |   299 |       ||  2104
       Eveningstar       |       |       |       |       |       |       |  1196 |   102 ||  1298
Throw: Boomerang         |       |       |     6 |    12 |       |       |       |       ||    18
       Javelin           |       |       |       |       |    13 |    44 |    18 |       ||    75
       Throwing net      |       |       |       |       |       |     1 |       |       ||     1
       Dart              |       |       |       |       |       |       |     2 |       ||     2
Invok: Divine Shield     |       |       |     1 |     1 |    11 |     8 |    18 |     2 ||    41
       Summon Divine War |       |       |       |       |       |       |     2 |     1 ||     3
       Cleansing Flame   |       |       |       |       |       |       |       |     1 ||     1
 Abil: Fly               |       |       |       |       |     1 |       |       |       ||     1
       Evoke Berserk Rag |       |       |       |       |     2 |       |     1 |       ||     3
  Use: Potion            |       |     2 |     1 |     6 |     4 |     9 |       |     3 ||    25
       Scroll            |       |     5 |     7 |     6 |    16 |     8 |    14 |       ||    56
  Eat: Chunk             |     1 |     6 |    10 |    14 |    34 |    16 |    35 |       ||   116
       Ration            |       |       |       |     1 |     1 |     4 |       |       ||     6
Armor: Scale mail        |   117 |    81 |   140 |   144 |       |       |       |       ||   482
       Ring mail         |       |    35 |       |       |       |       |       |       ||    35
       Acid dragon scale |       |       |       |   168 |    92 |   259 |       |       ||   519
       Plate armour      |       |       |       |       |   533 |   233 |   468 |    28 ||  1262
Dodge: Dodged            |    52 |    62 |    76 |   178 |   257 |   234 |   162 |    20 ||  1041
Block: Shield            |    88 |    97 |   128 |   287 |   873 |   659 |       |       ||  2132
       Large shield      |       |       |       |       |       |   363 |  1300 |   103 ||  1766
